 Dungeon Crawl Stone Soup version 0.17-a0-1409-ge6d9485 (webtiles) character file.

1946 bal the Covert (level 9, -2/44 HPs)
             Began as a Vine Stalker Assassin on June 22, 2015.
             Killed by divine providence
             ... invoked by an orc priest
              (10 damage)
             ... on level 7 of the Dungeon.
             The game lasted 00:28:05 (5763 turns).

bal the Covert (Vine Stalker Assassin)              Turns: 5763, Time: 00:28:06

Health: -2/44      AC:  8    Str: 14    XL:     9   Next: 18%
Magic:  0/10       EV: 15    Int: 19    God:
Gold:   311        SH:  2    Dex: 18    Spells: 0 memorised, 8 levels left

rFire  . . .     SeeInvis .     b - +0 blowgun
rCold  . . .     Clarity  .     n - +0 leather armour
rNeg   . . .     SustAt   .     (no shield)
rPois  +         Gourm    .     (helmet restricted)
rElec  .         Spirit   +     t - +0 cloak
rCorr  .         Warding  .     (no gloves)
rMut   .         Stasis   .     B - +1 pair of boots
MR     ++...                    (no amulet)
Stlth  ++++......               y - ring of poison resistance
                                A - ring of protection from magic

@: brilliant, about to teleport, very resistant to hostile enchantments,
stealthy
A: fangs 3, horns 2, large bone plates 1, clever 1, regeneration 2, magic
shield, antimagic bite, no device heal 3, rot immunity
a: no special abilities


You were on level 7 of the Dungeon.
You were not hungry.

You visited 1 branch of the dungeon, and saw 7 of its levels.
You also visited: Ossuary.

You collected 311 gold pieces.

Inventory:

Hand weapons
 a - a +3 dagger
 b - a +0 blowgun (weapon)
 m - a +1 hand axe of venom
 H - a +1 hunting sling of flaming
Missiles
 c - 66 sling bullets
 f - 3 curare-tipped needles (quivered)
 r - 57 bolts
 G - a throwing net
Armour
 d - a +0 cloak
 n - a +0 leather armour (worn)
 t - a +0 cloak (worn)
 B - a +1 pair of boots (worn)
Jewellery
 y - a ring of poison resistance (right hand)
 A - a ring of protection from magic (left hand)
Magical devices
 j - a wand of random effects (27)
 o - a wand of cold (0)
 F - a wand of frost (8)
Scrolls
 i - 4 scrolls of identify
 p - a scroll of teleportation
 w - 2 scrolls of fear
 x - 5 scrolls of remove curse
Potions
 k - 3 potions of brilliance
 s - a potion of agility
 v - 2 potions of lignification
 C - a potion of curing
Comestibles
 g - 5 bread rations
 q - 3 meat rations


   Skills:
 + Level 3.5 Fighting
 + Level 3.2 Short Blades
 + Level 0.5 Axes
 + Level 2.5(3.2) Slings
 + Level 3.1(3.5) Throwing
 + Level 2.7 Armour
 + Level 4.9 Dodging
 + Level 10.1 Stealth
 + Level 0.6 Evocations


You had 8 spell levels left.
You didn't know any spells.

Dungeon Overview and Level Annotations

Branches:
Dungeon (7/15)
 Temple: D:4-7

Altars:
Fedhas
Gozag
Okawaru
Ru
Xom
Yredelemnul

Shops:
D:4 **


Innate Abilities, Weirdness & Mutations

You have razor-sharp teeth.
You heal very quickly.
When hurt, damage is shared between your health and your magic reserves.
Your bite disrupts and absorbs the magic of your enemies.
Potions and wands cannot restore your health.
You are immune to rotting.
You have a pair of horns on your head.
You are partially covered in large bone plates (AC +2, SH +2).
Your mind is acute. (Int +2)


Message History

As you read the scroll of teleportation, it crumbles to dust.
You feel strangely unstable. The orc warrior closely misses you.
Firing (i - inventory. (,) - cycle):
e - a poisoned needle (quivered)
Press: ? - help, Shift-Dir - straight line, f/p - orc warrior
Aim: an orc warrior, wielding a halberd of protection and wearing a plate armour You shoot a poisoned needle.
The poisoned needle hits the orc warrior!
The orc warrior is poisoned.
The orc warrior hits you from afar with a halberd of protection.
Drink which item? (? for menu, Esc to quit)
You feel clever all of a sudden.
The orc wizard mumbles some strange words.
The orc wizard blinks!
The orc warrior hits you with a halberd of protection!!
* * * LOW HITPOINT WARNING * * *
The orc wizard casts a spell.
The orc wizard blinks!
The orc priest invokes the aid of Beogh against you.
Something smites you!
You die...

# # ##### ###
########.#.# #.#
#.#.##....## #@#
##.#.####.### ##o#
#.###.###...###To# ..#
#.##.......oo### # .##
#..#...[###....##..
.####...#..............
.......##....#.....###.
>......##...##...ยง..#
#####..#...##..#.....#


You could see a troll, an orc warrior, 2 orc priests and an orc.

Vanquished Creatures
  A hungry ghost (D:5)
  A sky beast (D:5)
  2 orc warriors (D:6)
  A phantom (D:4)
  An ogre (D:5)
  2 centaurs (D:6)
  An elf zombie (D:5)
  A giant frog (D:5)
  An elf skeleton (D:5)
  A scorpion (D:4)
  3 crimson imps (D:6)
  A giant frog zombie (D:5)
  An orc priest (D:5)
  A giant frog skeleton (D:5)
  7 hounds
  A human skeleton (D:5)
  3 orc wizards
  A worker ant (D:6)
  7 big kobold zombies (Ossuary)
  A mummy (Ossuary)
  10 adders
  4 worms
  5 giant geckos
  19 orcs
  3 spectral bats (Ossuary)
  2 ball pythons (D:1)
  A bat skeleton (D:5)
  2 giant cockroaches
  5 gnoll zombies (Ossuary)
  11 hobgoblins
  17 jackals
  17 bats
  3 bat simulacra (Ossuary)
  3 giant newts
  11 goblins
  A goblin simulacrum (Ossuary)
  3 goblin zombies (Ossuary)
  6 hobgoblin zombies (Ossuary)
  13 kobolds
  2 kobold simulacra (Ossuary)
  5 kobold zombies (Ossuary)
  2 orc skeletons (D:5)
  5 orc zombies
  2 quokkas
  8 rats
  2 rat simulacra (Ossuary)
  4 spectral goblins (Ossuary)
  4 spectral kobolds (Ossuary)
  2 spectral rats (Ossuary)
210 creatures vanquished.

Vanquished Creatures (others)
  3 worker ants (D:4)
  An adder (D:4)
  A giant gecko (D:4)
  2 giant cockroaches (D:4)
  2 hobgoblins (D:4)
  A goblin (D:4)
  A goblin simulacrum (Ossuary)
  4 rat simulacra (Ossuary)
15 creatures vanquished.

Grand Total: 225 creatures vanquished

Notes
Turn   | Place    | Note
--------------------------------------------------------------
     0 | D:1      | bal the Vine Stalker Assassin began the quest for the Orb.
     0 | D:1      | Reached XP level 1. HP: 11/11 MP: 2/2
    13 | D:1      | Reached skill level 5 in Stealth
   111 | D:1      | Reached XP level 2. HP: 15/15 MP: 3/3
  1006 | D:2      | Reached skill level 1 in Dodging
  1006 | D:2      | Reached XP level 3. HP: 18/18 MP: 4/4
  1033 | D:2      | Reached skill level 6 in Stealth
  1270 | D:2      | Reached XP level 4. HP: 23/23 MP: 5/5
  1347 | D:2      | Found a blossoming altar of Fedhas.
  1734 | D:3      | Found a faded altar to an unknown god.
  1965 | D:3      | Found an opulent altar of Gozag.
  2102 | D:3      | Found an iron altar of Okawaru.
  2127 | D:3      | Reached XP level 5. HP: 26/26 MP: 6/6
  2473 | D:4      | Noticed a phantom
  2481 | D:4      | Killed a phantom
  2481 | D:4      | Reached skill level 1 in Armour
  2481 | D:4      | Reached skill level 7 in Stealth
  2504 | D:4      | Found Fuunnur's Elemental Accessories.
  2529 | D:4      | Gained mutation: You heal very quickly. [Vine Stalker growth]
  2529 | D:4      | Reached XP level 6. HP: 9/30 MP: 4/7
  2879 | D:4      | Found a shimmering altar of Xom.
  2935 | D:4      | Found Gaynoidgh's Assorted Antiques.
  3275 | D:5      | Entered Level 5 of the Dungeon
  3275 | D:5      | Noticed a hungry ghost
  3283 | D:5      | Killed a hungry ghost
  3283 | D:5      | Reached XP level 7. HP: 33/35 MP: 8/8
  3314 | D:5      | Reached skill level 8 in Stealth
  3790 | D:5      | Gained mutation: You have razor-sharp teeth. [Vine Stalker growth]
  3790 | D:5      | Reached XP level 8. HP: 18/39 MP: 5/9
  3801 | D:5      | Found a sacrificial altar of Ru.
  3871 | D:5      | Found a sand-covered staircase.
  3905 | Ossuary  | Entered an ossuary
  4159 | Ossuary  | Reached skill level 9 in Stealth
  4562 | D:5      | Gained mutation: You are partially covered in large bone plates (AC +2, SH +2). [potion of beneficial mutation]
  4563 | D:5      | Gained mutation: Your mind is acute. (Int +2) [potion of mutation]
  4563 | D:5      | Gained mutation: You have a pair of small horns on your head. [potion of mutation]
  4563 | D:5      | Gained mutation: You have a pair of horns on your head. [potion of mutation]
  4960 | D:6      | Reached skill level 1 in Slings
  5058 | D:6      | HP: 2/40 [centaur/arrow (15)]
  5061 | D:6      | Reached skill level 10 in Stealth
  5349 | D:6      | Reached XP level 9. HP: 20/44 MP: 3/10
  5719 | D:7      | Found a basalt altar of Yredelemnul.
  5763 | D:7      | Killed from afar by an orc priest

Vault maps used:
D:1:      lemuel_arrival_behind_the_door_small
D:2:      lemuel_round_altar
D:3:      okawaru_metal_pillars_1_2, first_bread, ecumenical_altar_1,
          nicolae_gozag_seed_capital
D:4:      xom_confusion_cloud, serial_shops, nicolae_shop_statue_plus,
          nicolae_elemental_shop
D:5:      nicolae_ru_sacrificial_ziggurat, nicolae_ossuary_entry_catacombs,
          minivault_19
D:7:      yredelemnul_altar_generic, minmay_temple_entry_junction,
          dk_vineyard_2, minmay_item_behind_shaft, uniq_joseph
Ossuary:  ossuary_zaba_two_paths

Action                   |  1- 3 |  4- 6 |  7- 9 || total
-------------------------+-------+-------+-------++-------
Melee: Dagger            |    79 |    90 |   314 ||   483
       Hand axe          |       |    32 |       ||    32
 Fire: Blowgun           |     3 |    10 |    38 ||    51
       Hunting sling     |       |       |    29 ||    29
Evoke: Wand              |       |       |    10 ||    10
  Use: Potion            |     4 |     3 |     7 ||    14
       Scroll            |     1 |    11 |     5 ||    17
 Stab: Sleeping          |    14 |    14 |    35 ||    63
       Distracted        |       |     3 |     1 ||     4
  Eat: Chunk             |     1 |     1 |     1 ||     3
       Meat ration       |       |     1 |       ||     1
       Fruit             |       |       |     7 ||     7
       Beef jerky        |       |       |     2 ||     2
